 Dungeon Crawl Stone Soup version 0.30-a0-639-g3916f1956a (webtiles) character file.

Game seed: 11707021111149609489

354 pokeman the Magician (level 6, 0/51 HPs)
             Began as a Deep Elf Hedge Wizard on Jan 15, 2023.
             Succumbed to a water moccasin's poison
             ... on level 4 of the Dungeon.
             The game lasted 00:05:27 (3534 turns).

pokeman the Magician (Deep Elf Hedge Wizard)        Turns: 3534, Time: 00:05:27

Health: 0/51       AC: 23    Str:  6 (7)  XL:     6   Next: 35%
Magic:  11/17      EV:  2    Int: 18 (21) God:
Gold:   201        SH:  0    Dex: 13 (14) Spells: 9/17 levels left

rFire   + . .      SeeInvis .    l - +8 club
rCold   + . .      Faith    .    (no shield)
rNeg    . . .      Spirit   .    (body armour currently unavailable)
rPois   +          Reflect  .    (helmet currently unavailable)
rElec   +          Harm     .    (cloak currently unavailable)
rCorr   +          Rampage  .    (gloves currently unavailable)
Will    .....      NoTele   +    (boots currently unavailable)
Stlth   ++                       (no amulet)
HPRegen 0.28/turn                (no ring)
MPRegen 0.15/turn                (no ring)

@: lethally poisoned (0 -> -3), tree-form, resistant, hasted, very quick
A: stationary, stasis, torment immunity, boosted hp
a: no special abilities


You were on level 4 of the Dungeon.
You were a tree.
You visited 1 branch of the dungeon, and saw 4 of its levels.

You collected 201 gold pieces.

Inventory:

Hand Weapons
 g - a +2 dagger of venom
 l - a +8 club (weapon)
Armour
 b - a +0 robe (melded)
 c - a +0 hat (melded)
 q - a +0 pair of boots (melded)
Scrolls
 a - 2 scrolls of identify {unknown}
 e - a scroll of enchant weapon {unknown}
 h - 2 scrolls of noise {unknown}
 j - a scroll of amnesia {unknown}
 m - 2 scrolls of blinking {unknown}
 o - a scroll of poison {unknown}
 r - 2 scrolls of teleportation {unknown}
 s - a scroll of torment {unknown}
Potions
 d - 2 potions of magic


   Skills:
 - Level 1.0 Fighting
 - Level 1.0 Armour
 - Level 3.0 Dodging
 - Level 3.0 Stealth
 * Level 6.0 Spellcasting
 + Level 5.2 Conjurations
 - Level 1.1 Summonings
 - Level 1.1 Translocations
 + Level 0.1 Air Magic
 + Level 0.0 Poison Magic


You had 9 spell levels left.
You knew the following spells:

 Your Spells              Type           Power      Damage    Failure   Level
a - Magic Dart            Conj           96%        1d7       1%          1
b - Mephitic Cloud        Conj/Pois/Air  11%        N/A       17%         3
c - Call Imp              Summ           9%         N/A       12%         2
d - Blink                 Tloc           18%        N/A       12%         2

Your spell library contained the following spells:

 Spells                   Type           Power      Damage    Failure   Level
 Summon Small Mammal      Summ           36%        N/A       8%          1
 Slow                     Hex            20%        N/A       12%         1
 Cigotuvi's Dreadful Rot  Necr/Pois/Air  10%        N/A       19%         2
 Call Canine Familiar     Summ           9%         N/A       22%         3
 Gell's Gravitas          Tloc           9%         N/A       22%         3
 Teleport Other           Tloc           9%         N/A       22%         3
 Summon Guardian Golem    Hex/Summ       7%         N/A       28%         3
 Dispersal                Tloc           4%         N/A       100%        6


Dungeon Overview and Level Annotations

Branches:
Dungeon (4/15)
 Temple: D:4-7

Altars:

Shops:
D:1 !


Message History

The magic dart hits the water moccasin!
The water moccasin is severely wounded.
You feel very sick. The water moccasin bites you!
* * * LOW HITPOINT WARNING * * *
Your crimson imp closely misses the water moccasin.
The water moccasin closely misses you.
Casting: Magic Dart (safe; 1% risk of failure)
Confirm with . or Enter, or press ? or * to list all spells.
You blink.
* * * LOW HITPOINT WARNING * * *
You feel very sick.
Your crimson imp barely misses the water moccasin.
It was a potion of degeneration.
There was something very wrong with that liquid.
You feel weakened.
You feel dopey.
You feel clumsy.
* * * LOW HITPOINT WARNING * * *
You feel very sick.
The water moccasin completely misses you.
Your crimson imp blinks!
It was a potion of resistance.
You feel protected.
* * * LOW HITPOINT WARNING * * *
You feel sick.
The water moccasin closely misses you. x2
It was a potion of haste.
You feel yourself speed up.
* * * LOW HITPOINT WARNING * * *
You feel sick. The water moccasin misses you.
It was a potion of lignification.
You turn into a tree.
Your +0 hat melds into your body.
Your +0 pair of boots melds into your body.
Your +0 robe melds into your body.
Your roots penetrate the ground.
* * * LOW HITPOINT WARNING * * *
You feel sick. The water moccasin barely misses you.
Your crimson imp misses the water moccasin.
It was a potion of flight.
Your roots keep you in place.
You feel stable enough to blink again.
The water moccasin bites you but does no damage.
You barely miss the water moccasin.
The water moccasin is severely wounded.
You die...

..#..####.#######
### #.
###†.<....######
.....##. #
#.########...
#....... . ..# #..#
..##.##. ##### #..#
# #. #..# .##. # #
##..# .....
....#####'..#####.#
##.#†
#†....#..5S♣...#
#.#.
#.###.##.##.####
####.##
##.#...##.##.#
#....^#
#..:.####.##.#
#.##...
###....##.##.#
#.#....
#..:#.#####..#
#.#.#.# #.###.#
#### #.#.#.#
##.....# ##.##
#.....# #'#####...
##...###### ###.###


You could see a water moccasin (ally target) and a friendly crimson imp
(summoned).

Vanquished Creatures
  A centaur (D:4)
  Jessica (D:2)
  An adder (D:4)
  A worm (D:2)
  2 dart slugs (D:1)
  2 orcs
  4 bats
  5 endoplasms
  4 giant cockroaches (D:4)
  6 goblins
  3 hobgoblins
  4 jackals (D:4)
  4 kobolds
  6 quokkas
  4 ball pythons
  5 frilled lizards
  3 rats
56 creatures vanquished.

Vanquished Creatures (collateral kills)
  Sigmund (D:3)
  A white imp (D:4)
2 creatures vanquished.

Vanquished Creatures (others)
  A plant (D:2)
1 creature vanquished.

Grand Total: 59 creatures vanquished

Notes
Turn   | Place    | Note
-------+----------+-------------------------------------------
     0 | D:1      | pokeman the Deep Elf Hedge Wizard began the quest for the
                  | Orb.
     0 | D:1      | Reached XP level 1. HP: 10/10 MP: 7/7
   255 | D:1      | Reached XP level 2. HP: 16/16 MP: 6/9
   436 | D:1      | Found Wesoisap's Distillery.
   708 | D:1      | You fall into a shaft and drop 1 floor!
  1024 | D:1      | Reached skill level 5 in Spellcasting
  1270 | D:2      | Reached XP level 3. HP: 20/20 MP: 7/11
  1274 | D:2      | Learned a level 3 spell: Mephitic Cloud
  1277 | D:2      | Learned a level 2 spell: Call Imp
  1280 | D:2      | Learned a level 2 spell: Blink
  1523 | D:2      | Noticed Jessica
  1531 | D:2      | Killed Jessica
  1532 | D:2      | Reached skill level 1 in Fighting
  1532 | D:2      | Reached skill level 1 in Armour
  2539 | D:3      | Reached XP level 4. HP: 25/25 MP: 11/13
  2655 | D:3      | Noticed Sigmund
  2669 | D:3      | Killed Sigmund
  2670 | D:3      | Reached skill level 5 in Conjurations
  2670 | D:3      | Reached XP level 5. HP: 29/29 MP: 9/14
  3308 | D:4      | Noticed a centaur
  3320 | D:4      | Killed a centaur
  3321 | D:4      | Reached XP level 6. HP: 30/34 MP: 11/16
  3360 | D:4      | Reached skill level 6 in Spellcasting
  3521 | D:4      | Noticed a water moccasin
  3531 | D:4      | HP: 1/34 [poisoned by a water moccasin]
  3534 | D:4      | Succumbed to a water moccasin's poison

Illustrated notes

Levels and vault maps discovered:
D:1:      dpeg_arrival_simpleton_a, layout_basic, serial_shops,
          nicolae_square_shop
D:2:      wad_lake_hut, layout_basic, uniq_jessica
D:3:      layout_basic, uniq_sigmund
D:4:      layout_loops_cross, mainiacjoe_overflow_swirl

Skill      XL: |  1  2  3  4  5  6 |
---------------+-------------------+-----
Spellcasting   | 5 6 |  6.0
Fighting       | 1 |  1.0
Armour         | 1 |  1.0
Conjurations   | 2 5 |  5.2
Stealth        | 3 |  3.0
Dodging        | 3 |  3.0
Summonings     | |  1.1
Translocations | |  1.1
Air Magic      | |  0.1

Action                   |  1- 3 |  4- 6 || total
-------------------------+-------+-------++-------
Melee: Dagger            |     7 |       ||     7
       Club              |     3 |    22 ||    25
 Cast: Magic Dart        |    78 |    43 ||   121
       Mephitic Cloud    |     1 |     2 ||     3
       Call Imp          |       |     3 ||     3
       Blink             |       |     1 ||     1
  Use: Potion            |       |     5 ||     5
 Stab: Confused          |     1 |     2 ||     3
       Sleeping          |     1 |       ||     1
Armor: Robe              |     1 |     6 ||     7
       Skin              |       |     1 ||     1
Dodge: Dodged            |     5 |    28 ||    33

Table legend: (Time is in decaauts)
 A = Elapsed time spent in this place.
 B = Non-inter-level travel time spent in this place.
 C = Inter-level travel time spent in this place.
 D = Time resting spent in this place.
 E = Time spent auto-exploring this place.
 F = Levels seen in this place.
 G = Mean time per level.
                   A        B        C        D        E       F      G
               +--------+--------+--------+--------+--------+-----+--------+
         Total |   3569 |   3477 |     92 |     15 |   3097 |   4 |  892.2 |
       Dungeon |   3569 |   3477 |     92 |     15 |   3097 |   4 |  892.2 |
               +--------+--------+--------+--------+--------+-----+--------+

Top non-repeatable levels by time:
     D:2: 1198 daAuts
     D:1: 878 daAuts
     D:3: 810 daAuts
     D:4: 682 daAuts
